 Dungeon Crawl Stone Soup version 0.29-a0-330-g52719c12eb (webtiles) character file.

Game seed: 15054488492138510237

3180 Crownlay the Cleaver (level 9, -4/81 HPs)
             Began as a Hill Orc Fighter on Apr 24, 2022.
             Was a Priest of Qazlal.
             Killed from afar by Maggie (17 damage)
             ... with a bolt of fire
             ... on level 7 of the Dungeon.
             The game lasted 00:13:07 (7886 turns).

Crownlay the Cleaver (Hill Orc Fighter)             Turns: 7886, Time: 00:13:08

Health: -4/81      AC: 12    Str: 23    XL:     9   Next: 95%
Magic:  14/14      EV: 13    Int:  8    God:    Qazlal [***...]
Gold:   370        SH: 10    Dex: 10    Spells: 8/8 levels left

rFire   . . .      SeeInvis .   a - +1 war axe
rCold   + . .      Faith    .   c - +0 buckler
rNeg    . . .      Spirit   .   b - +0 scale mail
rPois   .          Reflect  .   g - +2 helmet
rElec   .          Harm     .   v - +0 cloak
rCorr   .          Rampage  .   (no gloves)
Will    .....                   (no boots)
Stlth   ..........              (no amulet)
HPRegen 0.23/turn               y - ring of protection from cold
MPRegen 0.14/turn               D - +4 ring of evasion

@: mighty, mesmerised
A: no striking features
a: Renounce Religion, Upheaval, Elemental Force


You were on level 7 of the Dungeon.
You worshipped Qazlal.
Qazlal was most pleased with you.
You visited 1 branch of the dungeon, and saw 7 of its levels.
You also visited: Sewer.

You collected 370 gold pieces.

Inventory:

Hand Weapons
 a - a +1 war axe (weapon)
Missiles
 A - a throwing net (quivered)
 G - 7 javelins
Armour
 b - a +0 scale mail (worn)
 c - a +0 buckler (worn)
 g - a +2 helmet (worn)
 v - a +0 cloak (worn)
Jewellery
 y - a ring of protection from cold (left hand)
 D - a +4 ring of evasion (right hand)
Wands
 F - a wand of iceblast (4)
Scrolls
 f - a scroll of amnesia {unknown}
 h - a scroll of enchant weapon
 j - 5 scrolls of teleportation
 p - a scroll of immolation {unknown}
 q - 2 scrolls of fear
 r - a scroll of summoning {unknown}
 s - a scroll of noise {unknown}
 u - a scroll of blinking {unknown}
 w - a scroll of acquirement {unknown}
 z - a scroll of enchant armour {unknown}
 C - a scroll of fog {unknown}
 E - 2 scrolls of identify
Potions
 d - 2 potions of might
 e - 3 potions of mutation
 k - a potion of brilliance {unknown}
 l - 5 potions of curing {unknown}
 m - 2 potions of lignification {unknown}
 n - 4 potions of attraction
 o - a potion of ambrosia {unknown}
 t - a potion of flight {unknown}
 x - a potion of haste {unknown}
 B - a potion of invisibility {unknown}


   Skills:
 - Level 8.0 Fighting
 + Level 8.8 Axes
 - Level 4.0 Throwing
 + Level 5.6 Armour
 + Level 7.7 Shields
 + Level 7.0 Invocations


You had 8 spell levels left.
You didn't know any spells.
Your spell library contained the following spells:

 Spells                   Type           Power      Damage    Failure   Level
 Corpse Rot               Necr/Air       0%         N/A       89%         2
 Poisonous Vapours        Pois/Air       0%         N/A       89%         2
 Sublimation of Blood     Necr           0%         N/A       89%         2
 Wereblood                Tmut           0%         N/A       89%         2
 Summon Hydra             Summ           0%         N/A       100%        7
 Borgnjor's Revivificati  Necr           0%         N/A       100%        8
 Necromutation            Tmut/Necr      0%         N/A       100%        8
 Death's Door             Necr           0%         N/A       100%        9


Dungeon Overview and Level Annotations

Branches:
Dungeon (7/15)             Temple (0/1) D:5           Sewer (visited)

Altars:
Ashenzari
Hepliaklqana
Qazlal
Sif Muna
Vehumet
Wu Jian
Xom

Shops:
D:5 (

Annotations:
D:3 2 runed translucent doors, initializr's ghost, amateur GnWn
D:7 Maggie


Message History

You slash the black bear!
The black bear is heavily wounded.
You slice Maggie!!
You feel sick. Maggie barely misses you.
The black bear bites you but does no damage.
The black bear barely misses you. The black bear closely misses you.
You closely miss the black bear.
The black bear is heavily wounded.
You hit Maggie.
You feel sick. You block Maggie's attack.
The black bear bites you but does no damage.
You block the black bear's attack. The black bear claws you.
You slash the black bear!
The black bear is almost dead.
You barely miss Maggie.
You feel sick.
Maggie hits you with a +2 broad axe of pain.
* * * LOW HITPOINT WARNING * * *
The black bear bites you but does no damage.
The black bear misses you.
The black bear claws you but does no damage.
You slice the black bear!!
You kill the black bear!
Qazlal accepts your kill.
You hit Maggie.
You feel sick.
You are no longer poisoned.
Maggie mumbles some strange words.
Maggie attempts to bespell you!
You are mesmerised by Maggie!
Your Invocations skill increases to level 7!
You closely miss Maggie.
Maggie is heavily wounded.
Maggie closely misses you.
You closely miss Maggie.
Maggie is heavily wounded.
Maggie closely misses you.
Maggie hits you with a +2 broad axe of pain.
* * * LOW HITPOINT WARNING * * *
You slash Maggie!
Maggie is severely wounded.
Maggie gestures at you while chanting. The bolt of fire hits you!
You die...

##########
........#
#.......# [..
######.......#
...
......†@○....#
... #$@# ##
#.# ######.##
.# #.#
#......# .#
#.# #.######
.#####.###.#
...........#
.......#####
########


You could see Maggie (mesmerising).

Vanquished Creatures
  Joseph (D:7)
  Grinder (D:3)
  2 water moccasins (D:7)
  2 ice beasts
  An orc warrior (D:6)
  An ogre (D:7)
  2 black bears
  2 sky beasts
  2 centaurs
  2 phantoms (D:5)
  Blork the orc (D:5)
  A kobold brigand (D:7)
  2 bullfrogs (Sewer)
  A gnoll sergeant (D:7)
  A scorpion (D:6)
  3 howler monkeys (D:7)
  3 orc priests
  A jelly (D:6)
  Crazy Yiuf (D:2)
  A gnoll shaman (D:7)
  3 hounds
  2 iguanas
  5 orc wizards
  18 gnolls
  11 adders
  2 white imps
  3 worms
  2 dart slugs (D:2)
  19 orcs
  15 ball pythons
  17 endoplasms
  10 giant cockroaches
  13 goblins
  5 hobgoblins
  5 jackals
  16 quokkas
  6 bats (D:2)
  12 frilled lizards
  14 kobolds
  3 rats
212 creatures vanquished.

Notes
Turn   | Place    | Note
-------+----------+-------------------------------------------
     0 | D:1      | Crownlay the Hill Orc Fighter began the quest for the Orb.
     0 | D:1      | Reached XP level 1. HP: 19/19 MP: 1/1
   159 | D:1      | Reached XP level 2. HP: 10/27 MP: 2/2
   955 | D:2      | Reached XP level 3. HP: 25/34 MP: 3/3
  1572 | D:2      | Found a runed translucent door.
  1573 | D:2      | Noticed Crazy Yiuf
  1801 | D:2      | Reached XP level 4. HP: 39/41 MP: 4/4
  2329 | D:3      | Found a runed translucent door.
  2329 | D:3      | Noticed initializr's ghost (amateur GnWn)
  2514 | D:3      | Reached skill level 5 in Fighting
  2545 | D:3      | Found a shimmering altar of Xom.
  2545 | D:3      | Found a stormy altar of Qazlal.
  2626 | D:3      | Reached skill level 1 in Throwing
  2630 | D:3      | Reached XP level 5. HP: 38/48 MP: 5/5
  2749 | D:3      | Became a worshipper of Qazlal Stormbringer
  2761 | D:3      | Noticed Grinder
  2781 | D:3      | Killed Grinder
  2782 | D:3      | Reached XP level 6. HP: 37/58 MP: 6/6
  2953 | D:3      | Found a faded altar of an unknown god.
  3004 | D:3      | Found a runed translucent door.
  3265 | D:2      | Killed Crazy Yiuf
  3735 | D:4      | Reached skill level 5 in Axes
  3735 | D:4      | Reached XP level 7. HP: 59/64 MP: 7/7
  3746 | D:4      | Found a hazy altar of Hepliaklqana.
  3849 | D:4      | Found a radiant altar of Vehumet.
  3852 | D:4      | Found a broken altar of Ashenzari.
  3983 | D:4      | Reached skill level 1 in Invocations
  4535 | D:5      | Entered Level 5 of the Dungeon
  4539 | D:5      | Found Urawonu's Weapon Shop.
  4564 | D:5      | Reached skill level 5 in Shields
  4885 | D:5      | Noticed Blork the orc
  4897 | D:5      | Killed Blork the orc
  4897 | D:5      | Reached * piety under Qazlal
  5117 | D:5      | Reached XP level 8. HP: 68/73 MP: 8/10
  5339 | D:5      | Found a staircase to the Ecumenical Temple.
  5537 | D:5      | Found an ornate altar of the Wu Jian Council.
  5713 | D:5      | Found a shimmering blue altar of Sif Muna.
  6004 | D:6      | Found a glowing drain.
  6019 | Sewer    | Entered a sewer
  6289 | Sewer    | Reached ** piety under Qazlal
  6548 | Sewer    | Reached XP level 9. HP: 78/81 MP: 12/12
  6706 | D:6      | Reached skill level 5 in Invocations
  6784 | D:6      | Reached *** piety under Qazlal
  7451 | D:7      | Noticed Joseph
  7472 | D:7      | Killed Joseph
  7473 | D:7      | Reached skill level 5 in Armour
  7870 | D:7      | Noticed Maggie
  7886 | D:7      | Killed from afar by Maggie

Illustrated notes

Levels and vault maps discovered:
D:1:      wander_arrival_desolate, layout_basic
D:2:      layout_loops_corners, serial_park_tiny_2, uniq_crazy_yiuf_cottage
D:3:      layout_basic, gammafunk_temple_overflow_elements,
          shapermc_ecumenical_altar_mp_vishouse, ebering_ghost_sewer_f,
          uniq_grinder
D:4:      layout_loops_cross, grunt_temple_overflow_open
D:5:      layout_loops_ring, led_sif_pool, lemuel_doored_altar,
          minmay_temple_entry_poolview, serial_shops, shop, uniq_blork_the_orc
D:6:      layout_basic, cheibrodos_sewer_entry_drain,
          hangedman_abyss_or_decor_stabs
D:7:      kennysheep_spiral_hall, layout_loops_ring, uniq_joseph, uniq_maggie,
          uniq_menkaure

Skill      XL: |  1  2  3  4  5  6  7  8  9 |
---------------+----------------------------+-----
Axes           | 3 4 5 7 8 |  8.8
Fighting       | 4 5 6 7 8 |  8.0
Throwing       | 1 2 4 |  4.0
Shields        | 4 5 6 7 |  7.7
Invocations    | 2 4 7 |  7.0
Armour         | 5 |  5.6

Action                   |  1- 3 |  4- 6 |  7- 9 || total
-------------------------+-------+-------+-------++-------
Melee: War axe           |   100 |   108 |   494 ||   702
Throw: Javelin           |       |       |     7 ||     7
  Use: Scroll            |       |     2 |     3 ||     5
       Potion            |       |       |     2 ||     2
Armor: Scale mail        |    48 |    48 |   236 ||   332
Dodge: Dodged            |    54 |    44 |   215 ||   313
Block: Buckler           |    25 |    19 |   180 ||   224

Table legend: (Time is in decaauts)
 A = Elapsed time spent in this place.
 B = Non-inter-level travel time spent in this place.
 C = Inter-level travel time spent in this place.
 D = Time resting spent in this place.
 E = Time spent auto-exploring this place.
 F = Levels seen in this place.
 G = Mean time per level.
                   A        B        C        D        E       F      G
               +--------+--------+--------+--------+--------+-----+--------+
         Total |   8113 |   7719 |    394 |      0 |   6153 |   8 | 1014.1 |
       Dungeon |   7456 |   7062 |    394 |      0 |   5785 |   7 | 1065.1 |
         Sewer |    657 |    657 |      0 |      0 |    368 |   1 |  657.0 |
               +--------+--------+--------+--------+--------+-----+--------+

Top non-repeatable levels by time:
     D:2: 1740 daAuts
     D:5: 1338 daAuts
     D:6: 1166 daAuts
     D:3: 1109 daAuts
     D:1: 939 daAuts
     D:4: 826 daAuts
   Sewer: 657 daAuts
     D:7: 335 daAuts
